AoeStats
← Cuando florezca el Chuño

Pilgrims

508563956Analyzed
3v3 RM · 8d ago on Sep 23, 2026· 21m 26s· 6 players
Game mode
Random Map
Map size
Normal (6 player)
Population
200
Speed
Normal
Resources
Standard
Victory
Conquest
Starting age
Dark Age
Ending age
Imperial Age
RankedLock teamsTeams togetherTeam positionsShared explorationLock speedFull tech treeHidden civsTurbo modeCheats
Victory
Defeat
🇦🇷 Vikings · Argentina
1235
+17
🇦🇷 Cumans · Argentina
1209
+18
🇦🇷 Lithuanians · Argentina
1196
+19
🇦🇷 Mongols · Argentina
1299
-19
🇦🇷 Armenians · Argentina
1249
-18
🇦🇷 Byzantines · Argentina
1238
-17
Rafaga
8:59 Loom
11:59 Feudal Age
L`Hopital
3:50 Loom
10:59 Feudal Age
11:42 Double-Bit Axe
14:33 Fletching
20:14 Town Watch
SHAKIRA THE QUEEN
10:05 Loom
13:10 Feudal Age
14:06 Double-Bit Axe
19:16 Castle Age
17:01 Horse Collar
17:53 Gold Mining
18:09 Fletching
19:34 Padded Archer Armor
20:09 Bow Saw
19:21 Crossbowman
21:56 Bodkin Arrow
Cuando florezca el Chuño
5:06 Loom
11:30 Feudal Age
11:58 Double-Bit Axe
16:17 Castle Age
17:34 Fletching
18:18 Bodkin Arrow
18:42 Town Watch
20:16 Bodkin Arrow
21:15 Padded Archer Armor
21:34 Bow Saw
JPA.Cooke
6:17 Loom
10:22 Feudal Age
11:33 Double-Bit Axe
20:04 Castle Age
18:29 Fletching
Ibz1
8:32 Loom
10:50 Feudal Age
11:43 Double-Bit Axe
13:04 Fletching
17:51 Castle Age
17:06 Gold Mining
17:08 Stone Mining
20:06 Bodkin Arrow
21:22 Medium Warships
Connection lost

Rejoining the realm…

Still unreachable

The connection could not be restored.

Session expired

The server has moved on; the page needs a fresh start.